 Dungeon Crawl Stone Soup version 0.17-a0-1115-g0372368 (webtiles) character file.

1529 Lugonue the Firebug (level 8, -11/43 HPs)
             Began as a Tengu Fire Elementalist on May 23, 2015.
             Mangled by an orc warrior
             ... wielding a +0 dire flail
              (16 damage)
             ... on level 9 of the Dungeon.
             The game lasted 00:33:54 (7315 turns).

Lugonue the Firebug (Tengu Fire Elementalist)       Turns: 7315, Time: 00:34:06

Health: -11/43     AC:  7    Str: 13    XL:     8   Next: 85%
Magic:  13/19      EV: 14    Int: 17    God:
Gold:   278        SH:  0    Dex: 15    Spells: 5 memorised, 7 levels left

rFire  + . .     SeeInvis .     a - +1 hammer "Newtslayer" {flame, rPois rF+ MR+}
rCold  . . .     Clarity  .     e - +0 robe
rNeg   . . .     SustAt   .     (no shield)
rPois  +         Gourm    .     (helmet restricted)
rElec  .         Spirit   .     h - +0 cloak
rCorr  .         Warding  .     G - +0 pair of gloves
rMut   .         Stasis   .     (boots unavailable)
MR     +....                    g - amulet of regeneration
Stlth  +.........               B - +3 ring of protection
                                n - +4 ring of strength

@: confused, lethally poisoned (-11 -> -11), exhausted, about to teleport, very
slightly contaminated, slowed, very slow, somewhat resistant to hostile
enchantments, very unstealthy
A: beak, talons 3, able to fly 1
a: Fly


You were on level 9 of the Dungeon.
You were not hungry.

You visited 1 branch of the dungeon, and saw 9 of its levels.

You collected 278 gold pieces.

Inventory:

Hand weapons
 a - the +1 hammer "Newtslayer" (weapon) {flame, rPois rF+ MR+}
   (You found it on level 4 of the Dungeon)

   It has been specially enchanted to burn those struck by it, causing extra
   injury to most foes and up to half again as much damage against particularly
   susceptible opponents.
   It protects you from fire.
   It protects you from poison.
   It affects your resistance to hostile enchantments.
 u - a +1 spear
 x - a +2 dagger of venom
Armour
 e - a +0 robe (worn)
 h - a +0 cloak (worn)
 s - a +0 leather armour
 G - a +0 pair of gloves (worn)
Magical staves
 b - an uncursed staff of power
Jewellery
 f - an uncursed amulet of faith
 g - an amulet of regeneration (around neck)
 i - an uncursed ring of teleportation
 n - a +4 ring of strength (left hand)
 r - an uncursed ring of ice {unknown}
 B - a +3 ring of protection (right hand)
 F - an uncursed ring of sustain attributes
Magical devices
 q - a wand of frost (20)
 v - a wand of slowing (26)
 y - a wand of digging (11)
Scrolls
 k - a scroll of immolation
 t - a scroll of magic mapping
 E - a scroll of fog
 H - a scroll of enchant weapon
Potions
 m - a potion of agility
 o - a potion of flight
 w - a potion of berserk rage
 A - a potion of invisibility
 C - a potion of brilliance
 D - a potion of ambrosia
 I - a potion of heal wounds {unknown}
Books
 l - a book of Flames

   Spells                             Type                      Level
   a - Flame Tongue                   Conjuration/Fire             1
   b - Throw Flame                    Conjuration/Fire             2
   c - Conjure Flame                  Conjuration/Fire             3
   d - Inner Flame                    Hexes/Fire                   3
   e - Sticky Flame                   Conjuration/Fire             4
   f - Fireball                       Conjuration/Fire             5
Comestibles
 c - 5 bread rations
 d - 3 meat rations


   Skills:
 - Level 1.1 Fighting
 - Level 3.1 Maces & Flails
 - Level 0.9 Polearms
 - Level 3.8 Dodging
 - Level 2.6 Stealth
 + Level 6.6 Spellcasting
 - Level 3.1 Conjurations
 + Level 7.4 Fire Magic


You had 7 spell levels left.
You knew the following spells:

 Your Spells              Type           Power        Failure   Level  Hunger
a - Flame Tongue          Conj/Fire      ###..        1%          1    None
b - Throw Flame           Conj/Fire      ###...       2%          2    None
c - Conjure Flame         Conj/Fire      ###.....     6%          3    ##.....
d - Inner Flame           Hex/Fire       ###.....     10%         3    ##.....
e - Sticky Flame          Conj/Fire      ###.....     17%         4    ####...


Dungeon Overview and Level Annotations

Branches:
Dungeon (10/15)               Orc (0/4) D:9
 Temple: D:4-7         Lair: D:8-11

Altars:
Makhleb

Shops:
D:4 %   D:6 (*%

Annotations:
D:9 Erica


Innate Abilities, Weirdness & Mutations

You have a beak for a mouth.
You have claws for feet.
You can fly.


Message History

The orc closely misses you.
You feel your anger subside.
You are no longer berserk.
You are exhausted.
You feel yourself slow down.
You feel sick. The orc completely misses you.
The orc warrior throws a tomahawk.
The tomahawk barely misses you. The orc wizard misses you.
Read which item? (? for menu, Esc to quit)
As you read the scroll of teleportation, it crumbles to dust.
You feel strangely unstable.
You feel sick. The orc misses you. The orc warrior barely misses you.
The orc misses you.
Drink which item? (? for menu, Esc to quit)
You are confused.
You feel invigorated.
You feel sick. The orc hits you with a morningstar!
* * * LOW HITPOINT WARNING * * *
An orc opens the door.
The orc wizard gestures wildly while chanting.
The orc wizard blinks!
The orc warrior barely misses you.
The orc warrior hits you with a dire flail!
You die...

### ## # ###
##8###.## 8## #§≈§
#o..#...#...#
#§≈$.#oo..o.......
#§>$.'@oooo.......
#≈§$.#ooo.o(......
#≈≈≈ #o..#...#...#
### ##8###8## 8##
### ##


You could see 3 orc warriors, 2 orc priests, 2 orc wizards and 6 orcs.

Vanquished Creatures
  Sigmund (D:6)
  A sky beast (D:4)
  2 ice beasts
  A phantom (D:7)
  2 centaurs (D:5)
  The ghost of onwiheg the Cudgeler, an average GrBe of Trog (D:3)
  2 giant frogs (D:6)
  3 crimson imps (D:5)
  3 jellies
  A hound (D:7)
  Crazy Yiuf (D:4)
  A centaur skeleton (D:4)
  2 orc wizards
  An orc priest (D:3)
  3 worker ants
  Robin (D:2)
  4 adders
  A river rat (D:3)
  A shadow imp (D:10)
  An ooze (D:6)
  A worm (D:3)
  A giant gecko (D:3)
  20 orcs
  3 giant cockroaches
  24 goblins
  10 hobgoblins
  7 jackals
  3 quokkas
  3 ball pythons
  7 bats
  3 giant newts
  11 kobolds
  13 rats
139 creatures vanquished.

Vanquished Creatures (others)
  A goblin (D:2)
1 creature vanquished.

Grand Total: 140 creatures vanquished

Notes
Turn   | Place    | Note
--------------------------------------------------------------
     0 | D:1      | Lugonue the Tengu Fire Elementalist began the quest for the Orb.
     0 | D:1      | Reached XP level 1. HP: 10/10 MP: 4/4
   499 | D:1      | Reached XP level 2. HP: 13/15 MP: 4/6
   796 | D:1      | Learned a level 2 spell: Throw Flame
  1413 | D:2      | Reached XP level 3. HP: 17/19 MP: 7/7
  1826 | D:2      | Noticed Robin
  1842 | D:2      | Reached skill level 4 in Fire Magic
  1859 | D:2      | Killed Robin
  2347 | D:2      | Learned a level 3 spell: Conjure Flame
  2637 | D:3      | Reached XP level 4. HP: 14/24 MP: 2/9
  2772 | D:3      | Gained mutation: You can fly. [Tengu growth]
  2772 | D:3      | Reached XP level 5. HP: 28/28 MP: 4/10
  2992 | D:3      | Reached skill level 1 in Fighting
  3347 | D:3      | Noticed onwiheg's ghost (average GrBe)
  3409 | D:3      | Killed onwiheg's ghost
  3409 | D:3      | Reached XP level 6. HP: 26/34 MP: 7/11
  3744 | D:4      | Found a burning altar of Makhleb.
  3780 | D:4      | Found Kuechyeh's Food Emporium.
  4218 | D:4      | Got a smoking hammer
  4220 | D:4      | Identified the cursed +1 hammer "Newtslayer" {flame, rPois rF+ MR+} (You found it on level 4 of the Dungeon)
  4232 | D:4      | Learned a level 3 spell: Inner Flame
  4236 | D:4      | Noticed Crazy Yiuf
  4243 | D:4      | Killed Crazy Yiuf
  4243 | D:4      | Reached skill level 1 in Maces & Flails
  4484 | D:4      | Reached XP level 7. HP: 38/38 MP: 0/13
  5107 | D:4      | Reached skill level 5 in Fire Magic
  5122 | D:5      | Entered Level 5 of the Dungeon
  5737 | D:5      | Reached skill level 5 in Spellcasting
  5810 | D:5      | Reached XP level 8. HP: 43/43 MP: 16/16
  6075 | D:5      | Learned a level 4 spell: Sticky Flame
  6298 | D:6      | Found Apun's Weapon Shoppe.
  6305 | D:6      | Found Joblijeh's General Store.
  6424 | D:6      | Reached skill level 6 in Fire Magic
  6641 | D:6      | Noticed Sigmund
  6785 | D:6      | Killed Sigmund
  6826 | D:6      | Found Heloh's Food Shoppe.
  7053 | D:7      | Reached skill level 7 in Fire Magic
  7087 | D:7      | You fall through a shaft for 3 floors!
  7087 | D:10     | Entered Level 10 of the Dungeon
  7304 | D:9      | Noticed Erica
  7315 | D:9      | Found a staircase to the Orcish Mines.
  7315 | D:9      | Mangled by an orc warrior

Vault maps used:
D:1:      dpeg_arrival_erosion
D:2:      wad_lake_hut, uniq_robin
D:3:      first_bread, gup_sewer_entry_bowl, serial_glass, glass_columns_b,
          glass_columns_a, minmay_misc_feat_x
D:4:      overflow_temple_1_default, serial_shops, nicolae_shop_waterfront,
          uniq_crazy_yiuf_cottage
D:6:      serial_shops, shop_fountains, shop, shop, minmay_crossroads,
          uniq_sigmund
D:7:      kennysheep_mini, temple_doors_a
D:9:      lemuel_mausoleum_altar_yredelemnul, nicolae_gozag_zags_fifth_avenue,
          gammafunk_temple_overflow_claw, lair_0_dummy, david_orc_4,
          serial_shops, kennysheep_little_box, hangedman_pestilent_swarm,
          minmay_ruffians, uniq_erica
D:10:     basic_altar, serial_ice, serial_ice_a, serial_ice_b, serial_ice_m,
          serial_ice_l, uniq_sonja, uniq_psyche

Action                   |  1- 3 |  4- 6 |  7- 9 || total
-------------------------+-------+-------+-------++-------
Melee: Unarmed           |    14 |       |       ||    14
       Dagger            |    33 |    12 |       ||    45
       Spear             |     8 |    83 |       ||    91
       Hammer            |       |     4 |   132 ||   136
 Cast: Flame Tongue      |    40 |    60 |    49 ||   149
       Throw Flame       |    14 |    18 |    36 ||    68
       Conjure Flame     |       |     7 |     4 ||    11
       Inner Flame       |       |       |     8 ||     8
       Sticky Flame      |       |       |     2 ||     2
  Use: Potion            |     4 |     1 |     4 ||     9
       Scroll            |     7 |     3 |     9 ||    19
 Stab: Invisible         |     2 |       |       ||     2
       Sleeping          |       |     3 |     3 ||     6
  Eat: Chunk             |     5 |     4 |     3 ||    12
       Fruit             |     3 |       |       ||     3
       Pizza             |       |     1 |       ||     1
       Beef jerky        |       |     1 |       ||     1
       Meat ration       |       |       |     2 ||     2
       Royal jelly       |       |       |     1 ||     1
